| TOP OF THE 1ST |
|
Columbus Reds batting - Pitching for Paris Cubs : RHP Chris P. Shephard
|
|
Pitching: RHP Chris P. Shephard
|
|
|
Batting: RHB Ruben Cantu
|
0-0: Ball 1-0: Called Strike 1-1: Fly out, F7 (Flyball, 78S, EV 76.2 MPH)
|
|
Batting: SHB Sal Esparza
|
0-0: Ball 1-0: Ball 2-0: Foul Ball, location: 2F 2-1: Called Strike 2-2: Foul Ball, location: 2F 2-2: Fly out, F9 (Flyball, 89D, EV 96.2 MPH)
|
|
Batting: LHB Jamie Spangenberg
|
0-0: Ball 1-0: Called Strike 1-1: Called Strike 1-2: Ball 2-2: Ball 3-2: Base on Balls
|
|
Batting: RHB Alex Nagera
|
0-0: Ball 1-0: Fly out, F6 (Popup, 6, EV 80.6 MPH)
|
| Top of the 1st over - 0 runs, 0 hits, 0 errors, 1 left on base; Columbus 0 - Paris 0 |
| BOTTOM OF THE 1ST |
|
Paris Cubs batting - Pitching for Columbus Reds : RHP Jim Bartlet
|
|
Pitching: RHP Jim Bartlet
|
|
|
Batting: RHB Willie Rubio
|
0-0: Foul Ball, location: 2F 0-1: Ball 1-1: Foul Ball, location: 2F 1-2: Strikes out swinging
|
|
Batting: RHB Michihisa Tanaka
|
0-0: Ball 1-0: Ground out 6-3 (Groundball, 6, EV 86.2 MPH)
|
|
Batting: LHB Jeremy Rideout
|
0-0: Fly out, F7 (Flyball, 78M, EV 95.0 MPH)
|
| Bottom of the 1st over - 0 runs, 0 hits, 0 errors, 0 left on base; Columbus 0 - Paris 0 |
| TOP OF THE 2ND |
|
Columbus Reds batting - Pitching for Paris Cubs : RHP Chris P. Shephard
|
|
Batting: LHB Mike Becerra
|
0-0: Ball 1-0: Ball 2-0: Called Strike 2-1: Called Strike 2-2: Foul Ball, location: 2F 2-2: Strikes out swinging
|
|
Batting: RHB Emanuel Estrada
|
0-0: Ball 1-0: Ball 2-0: Ball 3-0: Called Strike 3-1: Foul Ball, location: 2F 3-2: Foul Ball, location: 2F 3-2: Foul Ball, location: 2F 3-2: Strikes out swinging
|
|
Batting: RHB Jimmy Geddes
|
0-0: Ball 1-0: Ball 2-0: Swinging Strike 2-1: Swinging Strike 2-2: Strikes out swinging
|
| Top of the 2nd over - 0 runs, 0 hits, 0 errors, 0 left on base; Columbus 0 - Paris 0 |
| BOTTOM OF THE 2ND |
|
Paris Cubs batting - Pitching for Columbus Reds : RHP Jim Bartlet
|
|
Batting: LHB David Mendez
|
0-0: Ball 1-0: Ground out 6-3 (Groundball, 6S, EV 73.8 MPH)
|
|
Batting: RHB Jesus Resendez
|
0-0: Ball 1-0: Called Strike 1-1: Fly out, F8 (Flyball, 8LM, EV 90.0 MPH)
|
|
Batting: RHB Jason Banks
|
0-0: Fly out, F8 (Line Drive, 8RM, EV 92.5 MPH)
|
| Bottom of the 2nd over - 0 runs, 0 hits, 0 errors, 0 left on base; Columbus 0 - Paris 0 |
| TOP OF THE 3RD |
|
Columbus Reds batting - Pitching for Paris Cubs : RHP Chris P. Shephard
|
|
Batting: RHB Alex Ruybalid
|
0-0: Ball 1-0: Called Strike 1-1: Swinging Strike 1-2: Strikes out swinging passed ball, reaches first!
|
|
Batting: RHB Nick Partain
|
0-0: Ball Alex Ruybalid is caught stealing 2nd base 2-4 1-0: Swinging Strike 1-1: Called Strike 1-2: Strikes out looking
|
|
Batting: RHB Ruben Cantu
|
0-0: Called Strike 0-1: Ground out U3 (Groundball, 34S, EV 72.5 MPH)
|
| Top of the 3rd over - 0 runs, 0 hits, 0 errors, 0 left on base; Columbus 0 - Paris 0 |
| BOTTOM OF THE 3RD |
|
Paris Cubs batting - Pitching for Columbus Reds : RHP Jim Bartlet
|
|
Batting: RHB Mike Snider
|
0-0: Ball 1-0: DOUBLE (Line Drive, 9LS, EV 95.6 MPH)
|
|
Batting: LHB Bobby Marlatt
|
0-0: Swinging Strike 0-1: Ground out 4-3 (Groundball, 4, EV 85.6 MPH) Mike Snider to third
|
|
Batting: LHB Don Crockett
|
0-0: Called Strike 0-1: Foul Ball, location: 2F 0-2: Ball 1-2: Strikes out swinging
|
|
Batting: RHB Willie Rubio
|
0-0: Ball 1-0: Called Strike 1-1: SINGLE (Groundball, 4S, EV 93.8 MPH) Mike Snider scores
|
|
Batting: RHB Michihisa Tanaka
|
0-0: Ground out 4-3 (Groundball, 34, EV 106.2 MPH)
|
| Bottom of the 3rd over - 1 run, 2 hits, 0 errors, 1 left on base; Columbus 0 - Paris 1 |
| TOP OF THE 4TH |
|
Columbus Reds batting - Pitching for Paris Cubs : RHP Chris P. Shephard
|
|
Batting: SHB Sal Esparza
|
0-0: SINGLE (Groundball, 56D, EV 100.0 MPH)
|
|
Batting: LHB Jamie Spangenberg
|
0-0: Fielders Choice at 2nd, 6-4 (Groundball, 6, EV 91.9 MPH)
|
|
Batting: RHB Alex Nagera
|
0-0: SINGLE (Line Drive, 4D, EV 98.1 MPH) Jamie Spangenberg to second
|
|
Batting: LHB Mike Becerra
|
0-0: Ball 1-0: Fielders Choice at 2nd, 1-6 (Groundball, P, EV 74.4 MPH) Jamie Spangenberg to third
|
|
Batting: RHB Emanuel Estrada
|
0-0: Ball 1-0: Swinging Strike 1-1: Foul Ball, location: 2F 1-2: Strikes out swinging
|
| Top of the 4th over - 0 runs, 2 hits, 0 errors, 2 left on base; Columbus 0 - Paris 1 |
| BOTTOM OF THE 4TH |
|
Paris Cubs batting - Pitching for Columbus Reds : RHP Jim Bartlet
|
|
Batting: LHB Jeremy Rideout
|
0-0: Called Strike 0-1: Foul Ball, location: 2F 0-2: Ball 1-2: Ball 2-2: Fly out, F8 (Flyball, 8LM, EV 93.8 MPH)
|
|
Batting: LHB David Mendez
|
0-0: Called Strike 0-1: Foul Ball, location: 2F 0-2: Strikes out swinging
|
|
Batting: RHB Jesus Resendez
|
0-0: Ball 1-0: Swinging Strike 1-1: Foul Ball, location: 2F 1-2: Strikes out swinging
|
| Bottom of the 4th over - 0 runs, 0 hits, 0 errors, 0 left on base; Columbus 0 - Paris 1 |
| TOP OF THE 5TH |
|
Columbus Reds batting - Pitching for Paris Cubs : RHP Chris P. Shephard
|
|
Batting: RHB Jimmy Geddes
|
0-0: Ball 1-0: Ball 2-0: Called Strike 2-1: Ball 3-1: SINGLE (Groundball, 6MD, EV 105.6 MPH)
|
|
Batting: RHB Alex Ruybalid
|
0-0: Ball 1-0: Fielders Choice at 2nd, 6-4 (Groundball, 6, EV 92.5 MPH)
|
|
Batting: RHB Nick Partain
|
0-0: Foul Ball, location: 2F 0-1: Called Strike Alex Ruybalid is caught stealing 2nd base 2-4 0-2: Ball 1-2: Fly out, F8 (Line Drive, 8RD, EV 96.2 MPH)
|
| Top of the 5th over - 0 runs, 1 hit, 0 errors, 0 left on base; Columbus 0 - Paris 1 |
| BOTTOM OF THE 5TH |
|
Paris Cubs batting - Pitching for Columbus Reds : RHP Jim Bartlet
|
|
Batting: RHB Jason Banks
|
0-0: Called Strike 0-1: Ball 1-1: Swinging Strike 1-2: Ball 2-2: Strikes out swinging
|
|
Batting: RHB Mike Snider
|
0-0: Called Strike 0-1: Foul Ball, location: 2F 0-2: Strikes out swinging
|
|
Batting: LHB Bobby Marlatt
|
0-0: Fly out, F7 (Flyball, 7D, EV 75.0 MPH)
|
| Bottom of the 5th over - 0 runs, 0 hits, 0 errors, 0 left on base; Columbus 0 - Paris 1 |
| TOP OF THE 6TH |
|
Columbus Reds batting - Pitching for Paris Cubs : RHP Chris P. Shephard
|
|
Batting: RHB Ruben Cantu
|
0-0: Reached on error, E3 (Groundball, 3, EV 104.4 MPH)
|
|
Batting: SHB Sal Esparza
|
0-0: Ball Wild Pitch! Ruben Cantu to second 1-0: Foul Ball, location: 2F 1-1: 2-RUN HOME RUN (Line Drive, 89XD, EV 113.1 MPH), Distance : 447 ft
|
|
Pitching: RHP Brendan Malzone
|
|
|
Batting: LHB Jamie Spangenberg
|
0-0: Ball 1-0: Ball 2-0: Ball 3-0: Base on Balls
|
|
Batting: RHB Alex Nagera
|
0-0: Called Strike 0-1: Called Strike 0-2: Ball 1-2: Ball 2-2: Strikes out looking
|
|
Batting: LHB Mike Becerra
|
0-0: Swinging Strike 0-1: Ball 1-1: Ball Wild Pitch! Jamie Spangenberg to second 2-1: SINGLE (Flyball, 89S, EV 94.4 MPH) Jamie Spangenberg to third Runner from 3rd tries for Home, throw by CF and OUT! 8-2
|
|
Batting: RHB Emanuel Estrada
|
0-0: Ball Passed Ball! Mike Becerra to second 1-0: Foul Ball, location: 2F 1-1: Swinging Strike 1-2: Strikes out swinging
|
| Top of the 6th over - 2 runs, 2 hits, 1 error, 1 left on base; Columbus 2 - Paris 1 |
| BOTTOM OF THE 6TH |
|
Paris Cubs batting - Pitching for Columbus Reds : RHP Jim Bartlet
|
|
Batting: LHB Don Crockett
|
0-0: Fly out, F8 (Flyball, 8RM, EV 91.9 MPH)
|
|
Batting: RHB Willie Rubio
|
0-0: Called Strike 0-1: Ball 1-1: Ball 2-1: Swinging Strike 2-2: Foul Ball, location: 2F 2-2: Ball 3-2: Foul Ball, location: 2F 3-2: Strikes out swinging
|
|
Batting: RHB Michihisa Tanaka
|
0-0: Called Strike 0-1: Called Strike 0-2: Ball 1-2: Ball 2-2: Foul Ball, location: 2F 2-2: Foul Ball, location: 2F 2-2: Foul Ball, location: 2F 2-2: Ground out 3-1 (Groundball, 34S, EV 81.2 MPH)
|
| Bottom of the 6th over - 0 runs, 0 hits, 0 errors, 0 left on base; Columbus 2 - Paris 1 |
| TOP OF THE 7TH |
|
Columbus Reds batting - Pitching for Paris Cubs : RHP Brendan Malzone
|
|
Batting: RHB Jimmy Geddes
|
0-0: Ball 1-0: Ball 2-0: Foul Ball, location: 2F 2-1: Reached on error, E5 (Groundball, 56, EV 105.6 MPH)
|
|
Pinch Hitting: LHB Armando Arellano
|
0-0: Called Strike 0-1: Bunt - Flyout to 2L! F2
|
|
Batting: RHB Nick Partain
|
0-0: Called Strike Jimmy Geddes steals 2nd base 0-1: Ball 1-1: Foul Ball, location: 2F 1-2: Strikes out swinging
|
|
Batting: RHB Ruben Cantu
|
0-0: Ball 1-0: Swinging Strike 1-1: Called Strike 1-2: Foul Ball, location: 2F 1-2: Foul Ball, location: 2F 1-2: Foul Ball, location: 2F 1-2: Fly out, F4 (Popup, 3D, EV 55.0 MPH)
|
| Top of the 7th over - 0 runs, 0 hits, 1 error, 1 left on base; Columbus 2 - Paris 1 |
| BOTTOM OF THE 7TH |
|
Paris Cubs batting - Pitching for Columbus Reds : RHP Jim Bartlet
|
|
Now in CF: Cornholdo Schwerin
|
|
|
Batting: LHB Jeremy Rideout
|
0-0: Ball 1-0: Fly out, F9 (Flyball, 89M, EV 93.1 MPH)
|
|
Batting: LHB David Mendez
|
0-0: Ball 1-0: Ball 2-0: Called Strike 2-1: Foul Ball, location: 2F 2-2: Ball 3-2: SINGLE (Groundball, 6D, EV 96.9 MPH)
|
|
Pinch Hitting: LHB Tyler Schuettler
|
0-0: Called Strike 0-1: Called Strike 0-2: Ball 1-2: Ball 2-2: Strikes out looking
|
|
Batting: RHB Jason Banks
|
0-0: Ball 1-0: Foul Ball, location: 2F 1-1: Foul Ball, location: 2F 1-2: Strikes out swinging passed ball, reaches first! David Mendez to second
|
|
Batting: RHB Mike Snider
|
0-0: Foul Ball, location: 2F 0-1: Ball 1-1: Ball 2-1: Ball 3-1: Base on Balls David Mendez to third Jason Banks to second
|
|
Batting: LHB Bobby Marlatt
|
0-0: Called Strike 0-1: Ball 1-1: Fly out, F7 (Flyball, 7, EV 84.4 MPH)
|
| Bottom of the 7th over - 0 runs, 1 hit, 0 errors, 3 left on base; Columbus 2 - Paris 1 |
| TOP OF THE 8TH |
|
Columbus Reds batting - Pitching for Paris Cubs : RHP Brendan Malzone
|
|
Pitching: RHP Kichijo Robinson
|
|
|
Now in RF: Jonathon Lewis
|
|
|
Batting: SHB Sal Esparza
|
0-0: Called Strike 0-1: Ball 1-1: Ground out 3-1 (Groundball, 34, EV 106.9 MPH)
|
|
Batting: LHB Jamie Spangenberg
|
0-0: Called Strike 0-1: Ball 1-1: Ball 2-1: Ball 3-1: Called Strike 3-2: Base on Balls
|
|
Batting: RHB Alex Nagera
|
0-0: Grounds into double play, 5-4-3 (Groundball, 56S, EV 88.8 MPH)
|
| Top of the 8th over - 0 runs, 0 hits, 0 errors, 0 left on base; Columbus 2 - Paris 1 |
| BOTTOM OF THE 8TH |
|
Paris Cubs batting - Pitching for Columbus Reds : RHP Jim Bartlet
|
|
Batting: LHB Don Crockett
|
0-0: Called Strike 0-1: Ground out 4-3 (Groundball, 4, EV 78.8 MPH)
|
|
Batting: RHB Willie Rubio
|
0-0: Foul Ball, location: 2F 0-1: Swinging Strike 0-2: Strikes out looking
|
|
Batting: RHB Michihisa Tanaka
|
0-0: Ball 1-0: Ball 2-0: Called Strike 2-1: Fly out, F9 (Flyball, 89XD, EV 83.8 MPH)
|
| Bottom of the 8th over - 0 runs, 0 hits, 0 errors, 0 left on base; Columbus 2 - Paris 1 |
| TOP OF THE 9TH |
|
Columbus Reds batting - Pitching for Paris Cubs : RHP Kichijo Robinson
|
|
Batting: LHB Mike Becerra
|
0-0: Ball 1-0: SOLO HOME RUN (Flyball, 9LD, EV 95.0 MPH), Distance : 356 ft
|
|
Batting: RHB Emanuel Estrada
|
0-0: Called Strike 0-1: Called Strike 0-2: Ball 1-2: Strikes out swinging, 2-3 out at first.
|
|
Batting: RHB Jimmy Geddes
|
0-0: Ball 1-0: Foul Ball, location: 2F 1-1: Swinging Strike 1-2: Ball 2-2: Strikes out looking
|
|
Batting: RHB Cornholdo Schwerin
|
0-0: Called Strike 0-1: Foul Ball, location: 2F 0-2: Ball 1-2: Strikes out swinging
|
| Top of the 9th over - 1 run, 1 hit, 0 errors, 0 left on base; Columbus 3 - Paris 1 |
| BOTTOM OF THE 9TH |
|
Paris Cubs batting - Pitching for Columbus Reds : RHP Jim Bartlet
|
|
Pitching: RHP Chris Santos
|
|
|
Batting: LHB Jeremy Rideout
|
0-0: Fly out, F6 (Popup, 5DF, EV 43.1 MPH)
|
|
Batting: LHB David Mendez
|
0-0: Called Strike 0-1: Ball 1-1: Foul Ball, location: 2F 1-2: Strikes out swinging
|
|
Pinch Hitting: SHB Shiroku Waki
|
0-0: Called Strike 0-1: Called Strike 0-2: SINGLE (Groundball, 4M, EV 100.0 MPH) (infield hit)
|
|
Batting: RHB Jason Banks
|
0-0: 2-RUN HOME RUN (Flyball, 7LD, EV 93.8 MPH), Distance : 358 ft
|
|
Batting: RHB Mike Snider
|
0-0: Called Strike 0-1: Swinging Strike 0-2: Ball 1-2: Strikes out looking
|
| Bottom of the 9th over - 2 runs, 2 hits, 0 errors, 0 left on base; Columbus 3 - Paris 3 |
| TOP OF THE 10TH |
|
Columbus Reds batting - Pitching for Paris Cubs : RHP Kichijo Robinson
|
|
Now in RF: Shiroku Waki
|
|
|
Batting: RHB Nick Partain
|
0-0: Ball 1-0: Called Strike 1-1: Swinging Strike 1-2: Foul Ball, location: 2F 1-2: Ball 2-2: Strikes out swinging
|
|
Batting: RHB Ruben Cantu
|
0-0: Called Strike 0-1: Ball 1-1: Fly out, F8 (Flyball, 8RD, EV 84.4 MPH)
|
|
Batting: SHB Sal Esparza
|
0-0: Called Strike 0-1: Ball 1-1: Ball 2-1: Ball 3-1: Foul Ball, location: 2F 3-2: Foul Ball, location: 2F 3-2: Base on Balls
|
|
Pitching: RHP Justin Rodrigues
|
|
|
Batting: LHB Jamie Spangenberg
|
0-0: Ball 1-0: Swinging Strike 1-1: Foul Ball, location: 2F 1-2: Foul Ball, location: 2F 1-2: Ball Passed Ball! Sal Esparza to second 2-2: Foul Ball, location: 2F 2-2: Ball 3-2: 2-RUN HOME RUN (Flyball, 89XD, EV 110.0 MPH), Distance : 437 ft
|
|
Batting: RHB Alex Nagera
|
0-0: Called Strike 0-1: Foul Ball, location: 2F 0-2: Ball 1-2: Strikes out swinging
|
| Top of the 10th over - 2 runs, 1 hit, 0 errors, 0 left on base; Columbus 5 - Paris 3 |
| BOTTOM OF THE 10TH |
|
Paris Cubs batting - Pitching for Columbus Reds : RHP Chris Santos
|
|
Batting: LHB Bobby Marlatt
|
0-0: Ball 1-0: Swinging Strike 1-1: Ball 2-1: Swinging Strike 2-2: Ball 3-2: Strikes out swinging
|
|
Batting: LHB Don Crockett
|
0-0: Ball 1-0: Called Strike 1-1: Swinging Strike 1-2: Ball 2-2: Fly out, F7 (Flyball, 7, EV 86.2 MPH)
|
|
Pinch Hitting: RHB Juan Tarin
|
0-0: Swinging Strike 0-1: Ball 1-1: Swinging Strike 1-2: Ground out 6-3 (Groundball, 6, EV 105.6 MPH)
|
| Bottom of the 10th over - 0 runs, 0 hits, 0 errors, 0 left on base; Columbus 5 - Paris 3 |
|